 Dungeon Crawl Stone Soup version 0.19-a0-687-g35db334 (webtiles) character file.

727 LORDOFBUTT the Covered (level 7, -16/61 HPs)
             Began as a Minotaur Fighter on June 19, 2016.
             Demolished by an ogre
             ... wielding a +0 giant club
              (21 damage)
             ... on level 4 of the Dungeon.
             The game lasted 00:04:15 (2898 turns).

LORDOFBUTT the Covered (Minotaur Fighter)           Turns: 2898, Time: 00:04:16

Health: -16/61     AC:  7    Str: 20    XL:     7   Next: 44%
Magic:  6/6        EV:  9    Int:  5    God:
Gold:   319        SH: 10    Dex: 12    Spells: 0 memorised, 6 levels left

rFire  . . .     SeeInvis .     a - +0 war axe
rCold  . . .     Gourm    .     b - +0 scale mail
rNeg   . . .     Faith    .     c - +0 shield
rPois  .         Spirit   .     (helmet restricted)
rElec  .         Dismiss  .     (no cloak)
rCorr  .         Reflect  .     (no gloves)
SustAt .         Harm     .     (no boots)
MR     .....                    (no amulet)
Stlth  +.........               (no ring)
                                m - ring of stealth

@: not resistant to hostile enchantments, very unstealthy
A: retaliatory headbutt, horns 2
a: no special abilities


You were on level 4 of the Dungeon.
You were not hungry.

You visited 1 branch of the dungeon, and saw 4 of its levels.

You collected 319 gold pieces.

Inventory:

Hand Weapons
 a - a +0 war axe (weapon)
Armour
 b - a +0 scale mail (worn)
 c - a +0 shield (worn)
Jewellery
 m - a ring of stealth (left hand)
Scrolls
 e - a scroll of magic mapping
 g - a scroll of recharging {unknown}
 i - a scroll of enchant armour
 j - a scroll of amnesia {unknown}
 o - 2 scrolls of remove curse
 q - a scroll of fog {unknown}
 t - a scroll of random uselessness {unknown}
 u - a scroll of enchant weapon {unknown}
Potions
 d - a potion of cure mutation
 n - a potion of invisibility {unknown}
 p - a potion of agility
 r - a potion of mutation
 s - a potion of resistance {unknown}
 w - a potion of curing {unknown}
Comestibles
 f - 2 bread rations
 h - 2 royal jellies
 k - a slice of pizza
 l - 2 meat rations


   Skills:
 + Level 5.5 Fighting
 + Level 5.1 Axes
 + Level 5.9 Armour
 + Level 3.4 Dodging
 + Level 0.8 Stealth
 + Level 5.4 Shields


You had 6 spell levels left.
You didn't know any spells.

Dungeon Overview and Level Annotations

Branches:
Dungeon (4/15)
 Temple: D:4-7

Altars:
Ashenzari
Okawaru
Ru
Uskayaw
Vehumet
The Shining One

Shops:
D:4 !


Innate Abilities, Weirdness & Mutations

You reflexively headbutt those who attack you in melee.
You have a pair of horns on your head.


Message History

You hit the ogre. You headbutt the ogre!
The ogre is moderately wounded.
The ogre hits you with a giant club!
You hit the ogre.
The ogre is heavily wounded.
You block the ogre's attack.
You hit the ogre.
The ogre is heavily wounded.
You block the ogre's attack.
You hit the ogre.
The ogre is heavily wounded.
The ogre hits you with a giant club!!
* * * LOW HITPOINT WARNING * * *
You are too injured to fight recklessly!
You are too injured to fight recklessly!
You are too injured to fight recklessly!
You slash the ogre! You headbutt the ogre.
The ogre is almost dead.
The ogre hits you with a giant club!!
You die...

#########
#.......##########
###
#.#####...........
.....##.#
#...........
.......@#
#...........
....###O#
#........... ..
#.# #...........
#.# #...........
#.# #...........
...............##.
#.############.##.
.###.
...<..............
....#
.#######...)...


You could see an ogre.

Vanquished Creatures
  The ghost of Buffagor the Skirmisher, an amateur DsFi (D:3)
  2 ogres (D:4)
  A scorpion (D:4)
  A howler monkey (D:3)
  A centaur skeleton (D:4)
  2 hounds
  Jessica (D:2)
  Terence (D:2)
  Robin (D:4)
  8 adders
  3 gnolls (D:2)
  A worm (D:2)
  6 giant geckos
  6 orcs
  7 bats
  2 giant cockroaches (D:2)
  15 goblins
  6 hobgoblins
  6 jackals
  2 quokkas
  8 kobolds
  9 rats
90 creatures vanquished.

Notes
Turn   | Place    | Note
--------------------------------------------------------------
     0 | D:1      | LORDOFBUTT the Minotaur Fighter began the quest for the Orb.
     0 | D:1      | Reached XP level 1. HP: 19/19 MP: 0/0
   429 | D:1      | Reached XP level 2. HP: 26/27 MP: 1/1
   622 | D:2      | Noticed Jessica
   625 | D:2      | Reached XP level 3. HP: 33/33 MP: 2/2
   626 | D:2      | Killed Jessica
   631 | D:2      | Reached XP level 4. HP: 36/41 MP: 3/3
   643 | D:2      | Found a faded altar of an unknown god.
   644 | D:2      | Noticed Terence
   653 | D:2      | Killed Terence
   739 | D:2      | Found an iron altar of Okawaru.
  1021 | D:2      | Found a hide-covered altar of Uskayaw.
  1024 | D:2      | Found a glowing golden altar of the Shining One.
  1027 | D:2      | Found a radiant altar of Vehumet.
  1272 | D:3      | Reached XP level 5. HP: 47/47 MP: 4/4
  1372 | D:3      | Reached skill level 5 in Armour
  1372 | D:3      | Reached skill level 1 in Dodging
  1390 | D:3      | Found a shattered altar of Ashenzari.
  1442 | D:3      | Reached skill level 5 in Shields
  1479 | D:3      | Noticed Buffagor's ghost (amateur DsFi)
  1905 | D:3      | Killed Buffagor's ghost
  1905 | D:3      | Reached skill level 5 in Fighting
  1905 | D:3      | Reached XP level 6. HP: 51/56 MP: 5/5
  2010 | D:3      | Found a sacrificial altar of Ru.
  2594 | D:4      | Noticed Robin
  2598 | D:4      | Reached XP level 7. HP: 59/61 MP: 6/6
  2604 | D:4      | Killed Robin
  2658 | D:4      | Found Jubaong's Distillery.
  2767 | D:4      | Reached skill level 5 in Axes
  2898 | D:4      | Demolished by an ogre

Vault maps used:
D:1:      roderic_crossed_star
D:2:      overflow_temple_1_default, grunt_temple_overflow_diamond,
          ecumenical_altar_2, serial_bayou_pond_c, uniq_jessica, uniq_terence
D:3:      lemuel_coloured_pillars_altar, nicolae_overflow_crystal_walls
D:4:      kennysheep_mini_moat, first_bread, serial_shops,
          nicolae_shop_waterfront, minivault_24,
          nicolae_ru_the_path_less_chosen, uniq_robin

Skill      XL: |  1  2  3  4  5  6  7 |
---------------+----------------------+-----
Fighting       | 4 5 |  5.5
Armour         | 4 5 |  5.9
Shields        | 4 5 |  5.4
Axes           | 3 4 5 |  5.1
Dodging        | 2 3 |  3.4
Stealth        | |  0.8

Action                   |  1- 3 |  4- 6 |  7- 9 || total
-------------------------+-------+-------+-------++-------
Melee: War axe           |    56 |   139 |    60 ||   255
       Headbutt          |     6 |    28 |     9 ||    43
  Use: Scroll            |     2 |     1 |     3 ||     6
       Potion            |     1 |     4 |       ||     5
  Eat: Chunk             |       |     3 |       ||     3
       Beef jerky        |       |     1 |       ||     1
       Bread ration      |       |     1 |       ||     1
Armor: Scale mail        |    20 |    61 |    26 ||   107
       Skin              |       |     5 |       ||     5
Dodge: Dodged            |    20 |    44 |    25 ||    89
Block: Shield            |    37 |    88 |    40 ||   165
